 Dungeon Crawl Stone Soup version 0.22.0-49-gab54619 (webtiles) character file.

13517 HoaS the Fighter (level 12, -5/82 HPs)
             Began as a Gargoyle Berserker on Sept 5, 2018.
             Was a High Priest of Trog.
             Killed from afar by an ice statue (16 damage)
             ... with a freezing blast
             ... in an ice cave on Sept 6, 2018.
             The game lasted 00:45:35 (10364 turns).

HoaS the Fighter (Gargoyle Berserker)              Turns: 10364, Time: 00:45:36

Health: -5/82      AC: 41    Str: 29    XL:     12   Next: 6%
Magic:  0/12       EV:  8    Int:  9    God:    Trog [*****.]
Gold:   137        SH:  0    Dex: 12    Spells: 11/11 levels left

rFire    . . .     SeeInvis .     - Unarmed
rCold    . . .     Gourm    .   (no shield)
rNeg     + . .     Faith    .   I - +7 crystal plate armour
rPois    ∞         Spirit   +   C - +0 helmet
rElec    +         Reflect  .   v - +0 cloak
rCorr    .         Harm     .   l - +0 pair of gloves
MR       .....                  N - +0 pair of boots
Stlth    ..........             u - amulet of guardian spirit
HPRegen  0.23/turn              L - +4 ring of strength
MPRegen  0.13/turn              r - +3 ring of strength

@: no status effects
A: negative energy resistance 1, electricity resistance, unbreathing,
petrification resistance, rot immunity, AC +8
a: Berserk, Trog's Hand, Brothers in Arms, Renounce Religion


You were in an ice cave.
You worshipped Trog.
Trog was extremely pleased with you.
You were not hungry.

You visited 1 branch of the dungeon, and saw 11 of its levels.
You also visited: Bailey and Ice Cave.

You collected 467 gold pieces.
You spent 330 gold pieces at shops.

Inventory:

Armour
 l - a +0 pair of gloves (worn)
 v - a +0 cloak (worn)
 C - a +0 helmet (worn)
 I - a +7 crystal plate armour (worn)
 N - a +0 pair of boots (worn)
Jewellery
 r - a +3 ring of strength (right hand)
 u - an amulet of guardian spirit (around neck)
 y - an uncursed ring of fire
 L - a +4 ring of strength (left hand)
Wands
 g - a wand of random effects (34)
 n - a wand of acid (6)
 q - a wand of flame (31)
 t - a wand of disintegration (27)
 J - a wand of enslavement (15)
Scrolls
 d - a scroll of remove curse
 f - a scroll of magic mapping {unknown}
 m - 3 scrolls of immolation
 p - 3 scrolls of teleportation
 z - 2 scrolls of blinking
Potions
 a - 8 potions of curing
 c - a potion of berserk rage {unknown}
 e - 7 potions of flight {unknown}
 h - 2 potions of cancellation {unknown}
 j - 7 potions of heal wounds
 o - a potion of lignification {unknown}
 s - 2 potions of magic {unknown}
 w - 3 potions of ambrosia {unknown}
 A - 3 potions of might
 D - 4 potions of mutation {unknown}
 G - a potion of resistance
Miscellaneous
 F - a lightning rod (4/4)
Comestibles
 b - 17 rations
 i - 9 chunks of flesh


   Skills:
 * Level 12.5 Fighting
 + Level 9.0 Armour
 - Level 6.0 Dodging
 * Level 11.6 Unarmed Combat


You had 11 spell levels left.
You didn't know any spells.
Your spell library was empty.

Dungeon Overview and Level Annotations

Branches:
Dungeon (11/15)            Temple (0/1) D:4            Lair (0/6) D:11
    Orc: D:9-12

Altars:
Dithmenos
Gozag
Makhleb
Okawaru
Qazlal
Vehumet
Xom

Shops:
D:8 *

Annotations:
D:11 exclusion: 2 oklob plants IceCv exclusion: ice statue


Innate Abilities, Weirdness & Mutations

You are resistant to torment.
Your stone body is resilient. (AC +8)
You are immune to poison.
You resist negative energy. (rN+)
You are resistant to electric shocks. (rElec)
You can survive without breathing.
You are immune to petrification.
You are immune to rotting.


Message History

You punch the ice statue.
The ice statue is heavily damaged.
You are engulfed in freezing vapours.
The ice beast hits you but does no damage.
You hit the ice statue.
The ice statue is severely damaged.
The ice statue gestures at you. The shard of ice hits you!
The ice beast hits you but does no damage.
You hit the ice statue.
The ice statue is severely damaged.
The ice statue gestures at you. The bolt of cold hits you!
* * * LOW HITPOINT WARNING * * *
You completely miss the ice statue.
The ice statue is severely damaged.
The ice beast hits you but does no damage.
The ice statue gestures at you. The freezing blast engulfs you!
You die...

###.#..##..#..###
#..#.≈##...##
#..#.≈≈##.##
#...##≈≈###
##...##≈≈≈≈ ###
#....##≈≈#≈ ##.#
#.....######
#8.###....####..###
##Y@.###....##....##
##.....##....÷..#÷...
#......##......###...
#..##.....#...###
##.. #.# #........##
### #.. ##........#
#. #.......## #
##.....## #....##


You could see an ice statue and an ice beast.

Vanquished Creatures
  An unseen horror (D:10)
  The ghost of Thomus the Magician, a novice DsWz (D:7)
  5 orc knights (Bailey)
  A gargoyle (D:11)
  6 polar bears (IceCv)
  Grinder (D:3)
  7 yaks
  A wyvern (D:8)
  8 orc warriors
  9 ice beasts
  2 sky beasts
  A phantom (D:6)
  2 black bears
  7 centaurs
  2 necrophages
  5 wolves (IceCv)
  3 ogres
  9 bullfrogs
  Blork the orc (D:6)
  A big kobold (D:10)
  A gnoll sergeant (D:9)
  A wyvern zombie (D:7)
  7 scorpions
  5 killer bees (D:8)
  2 howler monkeys (D:8)
  9 wights
  4 jellies
  3 crimson imps
  A centaur zombie (D:5)
  2 bullfrog zombies
  6 hounds
  Crazy Yiuf (D:7)
  4 orc priests
  14 orc wizards
  2 bullfrog skeletons
  6 centaur skeletons
  9 worker ants
  3 iguanas
  2 hound skeletons
  A howler monkey skeleton (D:9)
  14 adders
  5 gnolls (D:7)
  An ooze (D:3)
  2 adder skeletons
  2 worms
  A dart slug (D:1)
  6 leopard geckos
  68 orcs
  8 giant cockroaches
  11 goblins
  9 hobgoblins
  4 jackals (D:5)
  3 quokkas (D:8)
  A ball python (D:2)
  9 bats
  14 frilled lizards
  A jackal skeleton (D:5)
  13 kobolds
  2 leopard gecko skeletons
  A leopard gecko zombie (D:5)
  5 rats
336 creatures vanquished.

Notes
Turn   | Place    | Note
-------+----------+-------------------------------------------
     0 | D:1      | HoaS the Gargoyle Berserker began the quest for the Orb.
     0 | D:1      | Reached XP level 1. HP: 14/14 MP: 1/1
   132 | D:1      | Reached XP level 2. HP: 16/19 MP: 2/2
   725 | D:2      | Reached XP level 3. HP: 23/24 MP: 3/3
   749 | D:2      | Reached ** piety under Trog
  1092 | D:2      | Reached skill level 4 in Fighting
  1183 | D:2      | Reached XP level 4. HP: 29/29 MP: 4/4
  1231 | D:2      | Found a radiant altar of Vehumet.
  1382 | D:2      | Found a burning altar of Makhleb.
  1410 | D:2      | Reached XP level 5. HP: 33/34 MP: 5/5
  1792 | D:3      | Reached *** piety under Trog
  1793 | D:3      | Reached XP level 6. HP: 40/40 MP: 6/6
  1875 | D:3      | Reached skill level 5 in Fighting
  2076 | D:3      | Noticed Grinder
  2084 | D:3      | Killed Grinder
  2084 | D:3      | Reached skill level 5 in Unarmed Combat
  2084 | D:3      | Reached XP level 7. HP: 45/45 MP: 7/7
  2329 | D:3      | Found an iron altar of Okawaru.
  2595 | D:4      | Found a shadowy altar of Dithmenos.
  2733 | D:4      | Reached skill level 6 in Fighting
  3030 | D:4      | Found a staircase to the Ecumenical Temple.
  3153 | D:5      | Entered Level 5 of the Dungeon
  3190 | D:5      | Reached XP level 8. HP: 47/52 MP: 8/8
  3391 | D:5      | Found a stormy altar of Qazlal.
  3816 | D:5      | Reached **** piety under Trog
  3816 | D:5      | Reached skill level 7 in Fighting
  4281 | D:6      | Noticed Blork the orc
  4296 | D:6      | Killed Blork the orc
  4325 | D:6      | Reached skill level 5 in Armour
  4668 | D:6      | Reached XP level 9. HP: 59/59 MP: 9/9
  5012 | D:7      | Reached skill level 8 in Fighting
  5084 | D:7      | Found an opulent altar of Gozag.
  5488 | D:7      | Found a shimmering altar of Xom.
  5561 | D:7      | Found a large runed door.
  5562 | D:7      | Noticed Thomus's ghost (novice DsWz)
  5563 | D:7      | Found a large runed door.
  5706 | D:7      | Killed Thomus's ghost
  5706 | D:7      | Reached skill level 9 in Fighting
  5706 | D:7      | Reached XP level 10. HP: 66/66 MP: 10/10
  5892 | D:7      | Reached skill level 5 in Dodging
  5945 | D:7      | Reached ***** piety under Trog
  6039 | D:7      | Found a runed door.
  6227 | D:7      | Noticed Crazy Yiuf
  6232 | D:7      | Killed Crazy Yiuf
  6495 | D:8      | Found a flagged portal.
  6500 | Bailey   | Entered a bailey
  6756 | Bailey   | Reached skill level 10 in Fighting
  6827 | Bailey   | Noticed an orc knight
  6840 | Bailey   | Killed an orc knight
  6947 | Bailey   | Noticed an orc knight
  6980 | Bailey   | Killed an orc knight
  7323 | Bailey   | Noticed an orc knight
  7338 | Bailey   | Killed an orc knight
  7506 | Bailey   | Noticed an orc knight
  7523 | Bailey   | Killed an orc knight
  7523 | Bailey   | Reached skill level 10 in Unarmed Combat
  7523 | Bailey   | Reached XP level 11. HP: 73/73 MP: 9/11
  7524 | Bailey   | Noticed an orc knight
  7566 | Bailey   | Killed an orc knight
  7566 | Bailey   | Reached skill level 11 in Fighting
  8163 | D:8      | Found Gedynata's Assorted Antiques.
  8168 | D:8      | Bought a potion of curing for 90 gold pieces
  8168 | D:8      | Bought a scroll of remove curse for 90 gold pieces
  8168 | D:8      | Bought a scroll of teleportation for 90 gold pieces
  8168 | D:8      | Bought a scroll of identify for 60 gold pieces
  9148 | D:10     | Entered Level 10 of the Dungeon
  9269 | D:10     | Received a gift from Trog
  9442 | D:10     | Killed an unseen horror
  9785 | D:11     | Noticed an oklob plant
  9787 | D:11     | Found a staircase to the Lair.
  9792 | D:11     | Noticed an oklob plant
  9950 | D:11     | Found a frozen archway.
  9973 | D:11     | Reached skill level 12 in Fighting
  9992 | IceCv    | Entered an ice cave
 10126 | IceCv    | Reached XP level 12. HP: 69/82 MP: 12/12
 10364 | IceCv    | Killed from afar by an ice statue

Skill      XL: |  1  2  3  4  5  6  7  8  9 10 11 12 |
---------------+-------------------------------------+-----
Fighting       | 4 5 6 7 9 10 12 | 12.5
Dodging        | 2 3 4 5 6 |  6.0
Armour         | 3 4 5 6 7 8 9 |  9.0
Unarmed Combat | 4 5 7 8 10 11 | 11.6

Action                   |  1- 3 |  4- 6 |  7- 9 | 10-12 || total
-------------------------+-------+-------+-------+-------++-------
Melee: Unarmed           |   191 |   177 |   493 |   757 ||  1618
       Punch             |     1 |     2 |    15 |    29 ||    47
Invok: Berserk           |       |     3 |     2 |     5 ||    10
       Trog's Hand       |       |       |     2 |     1 ||     3
Evoke: Wand              |       |       |     2 |     3 ||     5
  Use: Scroll            |     2 |     5 |     9 |    13 ||    29
 Stab: Sleeping          |     1 |     1 |     2 |       ||     4
  Eat: Chunk             |     1 |     5 |    11 |    22 ||    39
       Ration            |       |       |     1 |       ||     1
Armor: Leather armour    |    71 |       |       |       ||    71
       Animal skin       |     5 |       |       |       ||     5
       Ring mail         |    17 |    63 |    16 |       ||    96
       Chain mail        |       |       |   222 |       ||   222
       Plate armour      |       |       |    31 |   257 ||   288
       Crystal plate arm |       |       |       |   469 ||   469
Dodge: Dodged            |   144 |    80 |   211 |   378 ||   813
